AoeStats
← Raul Selección

Lombardia

509953882Analyzed
4v4 RM · 3d ago on Sep 28, 2026· 43m 12s· 8 players
Game mode
Random Map
Map size
Large (8 player)
Population
200
Speed
Normal
Resources
Standard
Victory
Conquest
Starting age
Dark Age
Ending age
Imperial Age
RankedLock teamsTeams togetherTeam positionsShared explorationLock speedFull tech treeHidden civsTurbo modeCheats
Victory
Defeat
🇫🇷 Teutons · France
1035
+15
🇪🇸 Khitans · Spain
1019
+15
🇪🇸 Italians · Spain
1017
+15
🇨🇿 Dravidians · Czechia
1003
+16
🇵🇱 Vietnamese · Poland
1065
-18
🇺🇸 Huns · United States
993
-15
🇳🇱 Spanish · Netherlands
981
-14
🇦🇷 Khmer · Argentina
967
-14
CORMOUTE
8:18 Loom
10:25 Feudal Age
11:00 Double-Bit Axe
11:50 Horse Collar
17:18 Castle Age
18:27 Bow Saw
18:10 Gold Mining
21:06 Wheelbarrow
21:02 Heavy Plow
23:35 Pikeman
27:04 Hand Cart
29:37 Squires
29:23 Gambesons
33:29 Imperial Age
30:55 Stone Mining
31:55 Bloodlines
31:57 Scale Barding Armor
33:40 Caravan
35:31 Chemistry
34:38 Siege Engineers
35:16 Crop Rotation
34:36 Town Watch
34:24 Cavalier
35:50 Paladin
37:19 Conscription
38:10 Town Patrol
38:57 Chain Barding Armor
38:48 Forging
38:53 Capped Ram
40:44 Two-Man Saw
41:03 Plate Barding Armor
42:11 Ballistics
3loi1123
4:03 Loom
11:18 Feudal Age
12:20 Double-Bit Axe
14:29 Forging
15:18 Domestication
22:04 Castle Age
20:40 Scale Barding Armor
23:01 Husbandry
22:22 Light Cavalry
24:33 Wheelbarrow
23:43 Town Watch
25:33 Iron Casting
25:19 Chain Barding Armor
27:59 Hand Cart
27:45 Town Patrol
27:49 Scale Mail Armor
27:41 Fletching
28:28 Bow Saw
28:49 Pastoralism
29:48 Gold Mining
32:10 Chain Mail Armor
31:51 Bodkin Arrow
36:31 Imperial Age
34:19 Caravan
36:42 Lamellar Armor
36:40 Padded Archer Armor
37:25 Siege Engineers
38:21 Chemistry
36:55 Elite Steppe Lancer
39:46 Conscription
39:32 Ordo Cavalry
40:14 Capped Ram
41:07 Siege Ram
42:01 Stone Mining
43:05 Plate Mail Armor
42:51 Leather Archer Armor
42:36 Bracer
43:12 Plate Barding Armor
43:12 Plate Mail Armor
42:58 Leather Archer Armor
42:44 Bracer
43:03 Murder Holes
43:28 Ballistics
42:43 Elite Liao Dao
Plundr dobrej koláč
10:01 Feudal Age
8:17 Loom
16:13 Castle Age
20:35 Wheelbarrow
20:54 Double-Bit Axe
23:13 Bow Saw
26:32 Fletching
26:58 Forging
27:32 Horse Collar
29:54 Heavy Plow
33:38 Hand Cart
38:06 Imperial Age
35:59 Bodkin Arrow
36:04 Padded Archer Armor
37:13 Ballistics
38:01 Leather Archer Armor
37:53 Scale Barding Armor
38:08 Elite Elephant Archer
38:57 Thumb Ring
39:58 Chemistry
42:01 Conscription
41:51 Medical Corps
Raul Selección
7:39 Loom
11:27 Feudal Age
16:21 Bloodlines
17:47 Forging
22:01 Castle Age
21:29 Scale Barding Armor
21:16 Double-Bit Axe
22:04 Horse Collar
24:45 Iron Casting
23:32 Light Cavalry
24:22 Husbandry
27:24 Bow Saw
28:38 Heavy Plow
30:52 Fletching
31:02 Padded Archer Armor
31:57 Bodkin Arrow
32:37 Ballistics
36:24 Imperial Age
34:12 Leather Archer Armor
34:32 Caravan
35:13 Silk Road
35:43 Wheelbarrow
35:59 Masonry
37:25 Hand Cart
37:07 Gold Mining
37:07 Stone Mining
37:21 Bracer
37:51 Ring Archer Armor
38:25 Chemistry
38:27 Crop Rotation
39:31 Two-Man Saw
39:33 Architecture
39:44 Conscription
40:39 Elite Genoese Crossbowman
Alpha
11:03 Feudal Age
11:55 Double-Bit Axe
18:50 Castle Age
22:51 Marauders
23:42 Pikeman
25:58 Bow Saw
26:40 Gold Mining
27:49 Caravan
30:00 Horse Collar
30:35 Husbandry
32:01 Gold Shaft Mining
33:20 Bloodlines
33:07 Stone Mining
33:58 Wheelbarrow
37:04 Heavy Plow
39:06 Hand Cart
39:31 Forging
39:27 Scale Barding Armor
44:40 Imperial Age
42:14 Town Watch
ADORNI
3:29 Loom
9:01 Feudal Age
14:45 Double-Bit Axe
14:54 Gold Mining
17:17 Castle Age
16:09 Horse Collar
24:19 Bloodlines
27:57 Wheelbarrow
34:45 Imperial Age
37:02 Hand Cart
37:10 Padded Archer Armor
37:01 Fletching
37:45 Town Watch
39:04 Heavy Plow
39:42 Bow Saw
40:07 Leather Archer Armor
40:40 Gold Shaft Mining
41:21 Double Crossbow
42:02 Heavy Scorpion
daankranendonk2
7:49 Loom
10:49 Feudal Age
11:43 Double-Bit Axe
15:17 Horse Collar
16:27 Wheelbarrow
18:53 Castle Age
18:55 Scale Barding Armor
19:02 Forging
19:53 Gold Mining
19:53 Stone Mining
20:49 Pikeman
22:49 Heavy Plow
24:54 Bow Saw
27:58 Husbandry
28:09 Bloodlines
29:31 Town Watch
30:50 Stone Shaft Mining
31:00 Hand Cart
31:55 Ballistics
33:03 Town Patrol
37:30 Imperial Age
35:52 Iron Casting
36:15 Caravan
37:55 Chain Barding Armor
37:43 Murder Holes
41:14 Chemistry
39:44 Elite Conquistador
40:49 Conscription
40:53 Cavalier
42:12 Plate Barding Armor
42:38 Blast Furnace
GreatKnot19365
2:17 Loom
10:57 Feudal Age
11:37 Double-Bit Axe
18:19 Castle Age
16:44 Horse Collar
19:26 Pikeman
20:23 Bow Saw
25:27 Wheelbarrow
32:05 Imperial Age
30:00 Padded Archer Armor
30:22 Fletching
31:11 Bodkin Arrow
33:55 Hand Cart
34:05 Ballistics
34:46 Chemistry
34:17 Paper Money
34:30 Bracer
35:36 Leather Archer Armor
37:00 Thumb Ring
36:59 Elite Rattan Archer
37:47 Caravan
39:12 Ring Archer Armor
38:30 Elite Skirmisher
39:06 Town Watch
40:17 Squires
40:57 Forging
40:47 Scale Mail Armor
Connection lost

Rejoining the realm…

Still unreachable

The connection could not be restored.

Session expired

The server has moved on; the page needs a fresh start.